 Dungeon Crawl Stone Soup version 0.32-a0-931-g5a2cda0630 (webtiles) character file.

Game seed: 14840967770533461531

30261 Foxy the Basher (level 13, -7/104 HPs)
             Began as a Coglin Berserker on Apr 14, 2024.
             Was a High Priest of Trog.
             Mangled by a manticore (18 damage)
             ... on level 14 of the Dungeon.
             The game lasted 00:24:15 (11751 turns).

Foxy the Basher (Coglin Berserker)                 Turns: 11751, Time: 00:24:16

Health: -7/104     AC: 19    Str: 26    XL:     13   Next: 50%
Magic:  13/13      EV: 11    Int: 10    God:    Trog [*****.]
Gold:   459        SH:  0    Dex: 11    Spells: 12/12 levels left

rFire   . . .        u - +11 whip "Ukereapt" {freeze, rElec rCorr Str+4}
rCold   . . .        p - +1 hand axe (venom) {Kateb}
rNeg    . . .        F - +6 chain mail "Vepoh" {Regen+ Int+3 Dex-3}
rPois   .            (no helmet)
rElec   +            m - +2 cloak
rCorr   +            (no gloves)
SInv    .            P - +1 pair of boots {rampage}
Will    .....        (amulet unavailable) Stlth
                     (ring unavailable)
HPRegen 1.17/turn    (ring unavailable)
MPRegen 0.13/turn    (no gizmo)

%: rampage
@: mighty, on berserk cooldown, revved
A: off-hand wielding, slow wielding, warmup strikes, no jewellery
a: Invent Gizmo, Renounce Religion, Berserk, Trog's Hand, Brothers in Arms


You were on level 14 of the Dungeon.
You worshipped Trog.
Trog was extremely pleased with you.
You visited 1 branch of the dungeon, and saw 14 of its levels.

You collected 763 gold pieces.
You spent 304 gold pieces at shops.

Inventory:

Hand Weapons
 b - a +1 whip of venom {Gladwin}
 p - a +1 hand axe of venom (offhand) {Kateb}
 s - the +7 dagger "Diadaj" {freeze, Dex+4 SInv}
   (You found it on level 6 of the Dungeon)

   Dex+4:     It affects your dexterity (+4).
   SInv:      It lets you see invisible.
 u - the +11 whip "Ukereapt" (weapon) {freeze, rElec rCorr Str+4}
   (You found it on level 4 of the Dungeon)

   Str+4:     It affects your strength (+4).
   rElec:     It insulates you from electricity.
   rCorr:     It protects you from acid and corrosion.
 M - a +4 broad axe
Missiles
 q - 48 poisoned darts (quivered)
 K - 6 curare-tipped darts
Armour
 m - a +2 cloak (worn)
 F - the +6 chain mail "Vepoh" (worn) {Regen+ Int+3 Dex-3}
   (You bought it in a shop on level 8 of the Dungeon)

   Int+3:     It affects your intelligence (+3).
   Dex-3:     It affects your dexterity (-3).
   Regen+:    It increases your rate of health regeneration.
 P - a +1 pair of boots of rampaging (worn)
Wands
 r - a wand of charming (12)
 t - a wand of flame (59)
 v - a wand of digging (7)
 E - a wand of roots (16)
 I - a wand of mindburst (18)
 O - a wand of acid (9)
Scrolls
 c - 3 scrolls of revelation
 e - 2 scrolls of vulnerability
 f - 4 scrolls of fog
 k - 3 scrolls of blinking {unknown}
 n - 6 scrolls of teleportation {unknown}
 o - 3 scrolls of fear {unknown}
 w - 4 scrolls of enchant weapon {unknown}
 x - 2 scrolls of noise {unknown}
 y - a scroll of torment {unknown}
 A - a scroll of immolation
 D - a scroll of brand weapon {unknown}
 G - 3 scrolls of enchant armour {unknown}
 J - a scroll of poison
 L - 2 scrolls of amnesia {unknown}
Potions
 a - 3 potions of brilliance {unknown}
 d - 6 potions of attraction
 g - 2 potions of heal wounds
 h - a potion of berserk rage {unknown}
 i - a potion of haste {unknown}
 j - a potion of enlightenment {unknown}
 l - 5 potions of curing {unknown}
 z - 2 potions of invisibility {unknown}
 B - 5 potions of might
 C - a potion of magic {unknown}
 N - a potion of resistance {unknown}
Miscellaneous
 H - a condenser vane (inert)


   Skills:
 + Level 10.6 Fighting
 - Level 7.7(12.0) Axes
 - Level 13.3(14.0) Maces & Flails
 - Level 1.7 Armour
 + Level 9.5 Dodging
 + Level 9.9 Evocations


You had 12 spell levels left.
You didn't know any spells.
Your spell library was empty.

Dungeon Overview and Level Annotations

Branches:
Dungeon (14/15)            Temple (0/1) D:7            Lair (0/5) D:9
    Orc (0/2) D:11
 Vaults: D:13-14

Altars:
Cheibriados
Makhleb
Qazlal
Ru
Vehumet
Wu Jian

Shops:
D:3 (   D:7 *   D:8 [

Annotations:
D:9 2 transporters, D0namaru's ghost, novice DsNe


Innate Abilities, Weirdness & Mutations

You can wield a second weapon in your off-hand.
It takes a long time for you to wield or remove held weapons.
Your first few attacks do less damage.
You cannot equip rings or amulets.


Message History

The wolf spider hits you!
* * * LOW HITPOINT WARNING * * *
The wolf spider barely misses you. The wolf spider hits you!
* * * LOW HITPOINT WARNING * * *
The wolf spider bites you but does no damage.
You barely miss the wolf spider with the +11 whip "Ukereapt".
The wolf spider is almost dead.
You hit the wolf spider with your +1 hand axe of venom.
The wolf spider looks as sick as possible!
The wolf spider hits you.
* * * LOW HITPOINT WARNING * * *
The wolf spider barely misses you.
You feel much better. The wolf spider hits you.
* * * LOW HITPOINT WARNING * * *
The wolf spider bites you.
* * * LOW HITPOINT WARNING * * *
You closely miss the wolf spider with your +1 hand axe of venom.
The wolf spider is almost dead.
You thrash the wolf spider with the +11 whip "Ukereapt"!!
You freeze the wolf spider.
You kill the wolf spider!
Trog accepts your kill.
You hit the manticore but do no damage.
The manticore is poisoned.
You whack the manticore with the +11 whip "Ukereapt"!
You freeze the manticore. The manticore bites you!
* * * LOW HITPOINT WARNING * * *
The manticore claws you!
* * * LOW HITPOINT WARNING * * *
The manticore barely misses you.
You whack the manticore with the +11 whip "Ukereapt"!
You freeze the manticore.
The manticore is heavily wounded.
You hit the manticore with your +1 hand axe of venom.
The manticore looks as sick as possible!
Okay, then.
You closely miss the manticore with the +11 whip "Ukereapt".
The manticore is severely wounded.
You completely miss the manticore with your +1 hand axe of venom.
The manticore bites you!!
You die...

## #..#.##### ##
#....#..# #.#
#....#..# #H##
#.##.#..# #.#.#
#..†.#..## #s#.#
#....#...##
#p#.#
#....'...#.#.#.#
#.##.#..###H#.#
#....#..##.#@#
#....#....####
#....#####+
#..... #.....
#.....


You could see a manticore (extremely poisoned).

Vanquished Creatures
  A hydra (D:14)
  A vault guard (D:14)
  Erolcha (D:13)
  2 centaur warriors
  8 two-headed ogres
  4 boulder beetles
  An orc knight (D:13)
  2 deep elf pyromancers (D:12)
  A wolf spider (D:14)
  13 ugly things
  Maurice (D:8)
  3 cyclopes
  2 manticores (D:12)
  A gargoyle (D:12)
  2 kobold demonologists (D:14)
  2 komodo dragons
  An unseen horror (D:12)
  3 trolls
  A hornet (D:10)
  Prince Ribbit (D:5)
  A centaur simulacrum (D:14)
  A wraith (D:14)
  7 yaks
  2 shadows (D:11)
  4 wyverns (D:9)
  2 wargs
  A steam dragon (D:7)
  14 vampire mosquitoes
  An acid dragon (D:13)
  3 water moccasins (D:9)
  4 orc warriors
  2 sky beasts
  3 black bears (D:9)
  An ice beast (D:8)
  An ogre (D:2)
  3 wolves
  4 centaurs
  A phantom (D:4)
  Blork the orc (D:6)
  6 kobold brigands
  A gnoll sergeant (D:11)
  3 bullfrogs
  3 scorpions
  A wight (D:9)
  7 killer bees
  4 howler monkeys
  2 bombardier beetles (D:4)
  A hound (D:4)
  4 jellies
  6 orc priests
  Ijyb (D:4)
  3 iguanas
  11 orc wizards
  9 gnolls
  5 adders
  3 white imps
  4 ufetubi
  3 ribbon worms
  6 dart slugs
  35 orcs
  12 endoplasms
  4 giant cockroaches
  7 goblins
  13 hobgoblins
  5 jackals
  7 quokkas
  11 ball pythons
  5 bats
  5 frilled lizards
  37 kobolds
  2 rats
333 creatures vanquished.

Notes
Turn   | Place    | Note
-------+----------+-------------------------------------------
     0 | D:1      | Foxy the Coglin Berserker began the quest for the Orb.
     0 | D:1      | Reached XP level 1. HP: 18/18 MP: 1/1
   192 | D:1      | Reached XP level 2. HP: 24/24 MP: 2/2
   204 | D:1      | Reached skill level 3 in Maces & Flails
   547 | D:1      | Reached XP level 3. HP: 29/29 MP: 3/3
   614 | D:1      | Reached ** piety under Trog
  1049 | D:2      | Reached XP level 4. HP: 35/35 MP: 4/4
  1709 | D:2      | Noticed an ogre
  1744 | D:2      | Killed an ogre
  1745 | D:2      | Reached skill level 4 in Maces & Flails
  1745 | D:2      | Reached XP level 5. HP: 42/42 MP: 5/5
  1928 | D:3      | Found Beborob's Weapon Shop.
  2328 | D:4      | Noticed Ijyb
  2335 | D:4      | Killed Ijyb
  2336 | D:4      | Reached XP level 6. HP: 48/48 MP: 6/6
  2436 | D:4      | Reached *** piety under Trog
  2524 | D:4      | Reached skill level 5 in Maces & Flails
  2769 | D:4      | Identified the +11 whip "Ukereapt" {freeze, rElec rCorr
                  | Str+4}
  2921 | D:4      | Reached XP level 7. HP: 55/55 MP: 7/7
  3427 | D:4      | Reached skill level 1 in Axes
  3660 | D:5      | Entered Level 5 of the Dungeon
  4132 | D:5      | Noticed Prince Ribbit
  4137 | D:5      | Killed Prince Ribbit
  4138 | D:5      | Reached skill level 5 in Fighting
  4138 | D:5      | Reached skill level 6 in Maces & Flails
  4138 | D:5      | Reached XP level 8. HP: 49/62 MP: 8/8
  4314 | D:5      | Found a sacrificial altar of Ru.
  4372 | D:5      | Found a stormy altar of Qazlal.
  4743 | D:6      | Noticed Blork the orc
  4749 | D:6      | Killed Blork the orc
  4749 | D:6      | Reached **** piety under Trog
  4923 | D:6      | You fall into a shaft and drop 2 floors!
  4938 | D:8      | Found Riromuty's Antique Armour Boutique.
  4940 | D:8      | Found a runed translucent door.
  5052 | D:8      | Bought a spiked chain mail for 304 gold pieces
  5052 | D:8      | Identified the +6 chain mail "Vepoh" {Regen+ Int+3 Dex-3}
                  | (You bought it in a shop on level 8 of the Dungeon)
  5130 | D:7      | Found an ornate altar of the Wu Jian Council.
  5306 | D:6      | Reached skill level 7 in Maces & Flails
  5337 | D:6      | Reached XP level 9. HP: 69/69 MP: 9/9
  5342 | D:6      | Identified the +7 dagger "Diadaj" {freeze, Dex+4 SInv}
  5682 | D:7      | Found Ohovo's Fire Supplies.
  5708 | D:7      | Found a staircase to the Ecumenical Temple.
  5770 | D:8      | Noticed a two-headed ogre
  5777 | D:8      | Killed a two-headed ogre
  5778 | D:8      | Reached skill level 5 in Axes
  5778 | D:8      | Reached skill level 5 in Dodging
  6090 | D:8      | Found a runed translucent door.
  6147 | D:8      | Found a burning altar of Makhleb.
  6343 | D:8      | Noticed Maurice
  6346 | D:8      | Maurice stole the +7 dagger "Diadaj" {freeze, Dex+4 SInv}
  6357 | D:8      | Killed Maurice
  6358 | D:8      | Reached skill level 8 in Maces & Flails
  6609 | D:8      | Reached XP level 10. HP: 77/77 MP: 10/10
  6653 | D:8      | Reached ***** piety under Trog
  6677 | D:8      | Noticed a two-headed ogre
  6690 | D:8      | Killed a two-headed ogre
  6721 | D:8      | Noticed a centaur warrior
  6721 | D:8      | Noticed a boulder beetle
  6732 | D:8      | Killed a centaur warrior
  6733 | D:8      | Reached skill level 9 in Maces & Flails
  6739 | D:8      | Killed a boulder beetle
  6788 | D:8      | Noticed a cyclops
  6798 | D:8      | Killed a cyclops
  6799 | D:8      | Reached skill level 1 in Evocations
  6882 | D:9      | Noticed a two-headed ogre
  6887 | D:9      | Reached XP level 11. HP: 85/85 MP: 11/11
  7024 | D:9      | Noticed a two-headed ogre
  7033 | D:9      | Killed a two-headed ogre
  7034 | D:9      | Reached skill level 10 in Maces & Flails
  7038 | D:9      | Killed a two-headed ogre
  7093 | D:9      | Found a staircase to the Lair.
  7286 | D:9      | Found a snail-covered altar of Cheibriados.
  7286 | D:9      | Found a radiant altar of Vehumet.
  7435 | D:9      | Noticed a two-headed ogre
  7442 | D:9      | Killed a two-headed ogre
  7605 | D:9      | Reached skill level 5 in Evocations
  7816 | D:9      | Found a transporter.
  7817 | D:9      | Found a transporter.
  7819 | D:9      | Noticed D0namaru's ghost (novice DsNe)
  8014 | D:10     | Entered Level 10 of the Dungeon
  8023 | D:10     | Noticed a two-headed ogre
  8030 | D:10     | Killed a two-headed ogre
  8393 | D:10     | Reached skill level 11 in Maces & Flails
  8688 | D:11     | Noticed a two-headed ogre
  8692 | D:11     | Killed a two-headed ogre
  8732 | D:11     | Noticed a two-headed ogre
  8746 | D:11     | Killed a two-headed ogre
  8754 | D:11     | Reached XP level 12. HP: 91/94 MP: 12/12
  8938 | D:11     | Found a staircase to the Orcish Mines.
  9017 | D:11     | Received a gift from Trog
  9611 | D:12     | Reached skill level 12 in Maces & Flails
  9810 | D:12     | Noticed a boulder beetle
  9817 | D:12     | Killed a boulder beetle
 10091 | D:12     | Noticed a boulder beetle
 10105 | D:12     | Killed a boulder beetle
 10727 | D:13     | Noticed a boulder beetle
 10745 | D:13     | Killed a boulder beetle
 10860 | D:13     | Identified the +2 flail of the Briny Deep {freeze, *Noise
                  | rPois rF- rN+++}
 11003 | D:13     | Reached skill level 10 in Fighting
 11136 | D:13     | Noticed Erolcha
 11158 | D:13     | Killed Erolcha
 11159 | D:13     | Reached XP level 13. HP: 103/103 MP: 13/13
 11538 | D:14     | Reached skill level 13 in Maces & Flails
 11725 | D:14     | Noticed a vault guard
 11738 | D:14     | Killed a vault guard
 11751 | D:14     | Mangled by a manticore

Illustrated notes

Levels and vault maps discovered:
D:1:      eino_arrival_water_cross, layout_basic
D:2:      layout_basic, minmay_divided_ellipse
D:3:      layout_rooms, serial_shops, nicolae_shop_bloodbath_and_beyond
D:4:      minmay_chambers_of_threes, layout_basic, uniq_ijyb
D:5:      layout_basic, amcnicky_altar_gilded, kennysheep_mini,
          uniq_prince_ribbit1
D:6:      layout_rooms, uniq_blork_the_orc
D:7:      layout_gridville, lemuel_crystal_altar, minmay_temple_entry_slanted,
          nicolae_shop_fire_sale [nicolae_sub_dead_trees]
D:8:      cheibrodos_histonic, layout_basic,
          mainiacjoe_overflow_small_starburst, serial_shops,
          nicolae_shop_pleasant_corner_grove, grunt_ministairs_1, uniq_maurice
D:9:      layout_irregular_city, mainiacjoe_overflow_catwalk_spiral,
          minmay_lair_entry_grove, gammafunk_ghost_hive
D:10:     layout_irregular_city
D:11:     layout_cross, minmay_orc_entry_guard_dogs
D:12:     layout_grid_maze
D:13:     layout_irregular_city, uniq_erolcha
D:14:     layout_stronghold, david_vaults_5, serial_glass, glass_columns_b,
          glass_columns_a, glass_columns_b, glass_columns_b, minivault_23

Skill      XL: |  1  2  3  4  5  6  7  8  9 10 11 12 13 |
---------------+----------------------------------------+-----
Maces & Flails | 3 4 5 6 7 8 9 11 12 13 | 13.3
Dodging        | 2 3 4 5 6 7 8 9 |  9.5
Fighting       | 4 5 6 7 8 10 | 10.6
Axes           | 2 4 6 7 |  7.7
Evocations     | 2 6 8 9 |  9.9
Armour         | |  1.7

Action                     |  1- 3 |  4- 6 |  7- 9 | 10-12 | 13-15 || total
---------------------------+-------+-------+-------+-------+-------++-------
  Melee: Mace              |    60 |    87 |       |       |       ||   147
         Club              |    50 |    49 |       |       |       ||    99
         War axe           |       |    33 |       |       |       ||    33
         Whip              |       |    14 |   142 |   319 |    74 ||   549
         Hand axe          |       |       |   120 |   295 |    73 ||   488
  Throw: Dart              |       |       |       |     8 |       ||     8
 Invoke: Berserk           |     1 |     5 |     3 |    10 |     3 ||    22
  Evoke: Wand              |       |       |       |       |     1 ||     1
         Condenser vane    |       |       |       |       |     1 ||     1
    Use: Scroll            |       |       |     6 |     2 |     1 ||     9
         Potion            |       |       |       |       |     3 ||     3
   Stab: Sleeping          |     7 |     1 |       |       |       ||     8
 Armour: Animal skin       |    38 |    45 |       |       |       ||    83
         Ring mail         |       |    23 |    30 |       |       ||    53
         Chain mail        |       |       |    71 |   261 |    71 ||   403
  Dodge: Dodged            |    33 |    71 |    73 |   112 |    29 ||   318

Table legend: (Time is in decaauts)
 A = Elapsed time spent in this place.
 B = Non-inter-level travel time spent in this place.
 C = Inter-level travel time spent in this place.
 D = Time resting spent in this place.
 E = Time spent auto-exploring this place.
 F = Levels seen in this place.
 G = Mean time per level.
                   A        B        C        D        E       F      G
               +--------+--------+--------+--------+--------+-----+--------+
         Total |  11831 |  11372 |    459 |    719 |   8478 |  14 |  845.1 |
       Dungeon |  11831 |  11372 |    459 |    719 |   8478 |  14 |  845.1 |
               +--------+--------+--------+--------+--------+-----+--------+

Top non-repeatable levels by time:
     D:8: 1426 daAuts
     D:4: 1380 daAuts
    D:12: 1317 daAuts
     D:5: 1022 daAuts
     D:2: 1017 daAuts
     D:9: 999 daAuts
     D:1: 910 daAuts
    D:13: 871 daAuts
    D:10: 677 daAuts
    D:11: 493 daAuts
     D:6: 480 daAuts
     D:3: 442 daAuts
     D:7: 438 daAuts
    D:14: 353 daAuts
